 Dungeon Crawl Stone Soup version 0.23.2-40-g277498a001 (webtiles) character file.

Game seed: 7657783326398695968

29183 Exodus22XD the Eclecticist (level 13, 0/63 HPs)
             Began as a Deep Elf Wizard on Aug 20, 2019.
             Was a High Priest of Vehumet.
             Slain by a dream sheep (8 damage)
             ... on level 5 of the Lair of Beasts on Aug 22, 2019.
             The game lasted 03:14:15 (15082 turns).

Exodus22XD the Eclecticist (Deep Elf Wizard)       Turns: 15082, Time: 03:14:18

Health: 0/63       AC: 13    Str:  4    XL:     13   Next: 13%
Magic:  24/34      EV: 13    Int: 36    God:    Vehumet [*****.]
Gold:   792        SH:  0    Dex:  8    Spells: 10/42 levels left

rFire    + . .     SeeInvis +   a - staff of air
rCold    x . .     Gourm    .   (no shield)
rNeg     + . .     Faith    .   g - +1 robe of the Saviour {rPois rCorr Slay-6 SInv}
rPois    +         Spirit   .   b - +0 hat
rElec    +         Reflect  .   (no cloak)
rCorr    +         Harm     .   S - +2 pair of gloves of the Last Suns {+Inv rN+ Int+7 Dex-5}
MR       +....                  I - +2 pair of boots
Stlth    ++........             q - amulet of regeneration
HPRegen  0.60/turn              Q - ring of fire
MPRegen  0.24/turn              t - +4 ring of protection

@: radiating poison
A: no striking features
a: Renounce Religion, Evoke Invisibility


You were on level 5 of the Lair of Beasts.
You worshipped Vehumet.
Vehumet was extremely pleased with you.
You were not hungry.

You visited 3 branches of the dungeon, and saw 17 of its levels.
You also visited: Ossuary.

You collected 792 gold pieces.

Inventory:

Armour
 b - a +0 hat (worn)
 g - the +1 robe of the Saviour (worn) {rPois rCorr Slay-6 SInv}
   (You found it on level 2 of the Lair of Beasts)

   It affects your accuracy and damage with ranged weapons and melee attacks
   (-6).
   It protects you from poison.
   It lets you see invisible.
   It provides partial protection from all sources of acid and corrosion.
 I - a +2 pair of boots (worn)
 S - the +2 pair of gloves of the Last Suns (worn) {+Inv rN+ Int+7 Dex-5}
   (You found it on level 1 of the Lair of Beasts)

   It affects your intelligence (+7).
   It affects your dexterity (-5).
   It protects you from negative energy.
   It lets you turn invisible.
Magical Staves
 a - an uncursed staff of air (weapon)
 H - an uncursed staff of cold
Jewellery
 e - an uncursed amulet of magic regeneration {unknown}
 q - an amulet of regeneration (around neck)
 t - a +4 ring of protection (right hand)
 w - an uncursed ring of protection from cold
 P - a +2 ring of intelligence
 Q - a ring of fire (left hand)
Wands
 r - a wand of clouds (6)
 D - a wand of acid (9)
 G - a wand of polymorph (5)
 J - a wand of random effects (10)
 M - a wand of paralysis (6)
 N - a wand of iceblast (9)
 O - a wand of digging (5)
Scrolls
 f - 2 scrolls of immolation {unknown}
 k - a scroll of summoning {unknown}
 l - 2 scrolls of fear
 o - a scroll of vulnerability {unknown}
 p - 3 scrolls of fog
 u - 2 scrolls of amnesia {unknown}
 v - 6 scrolls of remove curse
 x - 7 scrolls of teleportation
 y - 3 scrolls of magic mapping
 E - 2 scrolls of blinking {unknown}
 K - a scroll of silence {unknown}
 R - a scroll of holy word {unknown}
Potions
 c - 7 potions of heal wounds
 h - 7 potions of curing
 i - 5 potions of might
 j - 2 potions of brilliance {unknown}
 m - a potion of haste {unknown}
 n - 2 potions of mutation {unknown}
 s - 2 potions of ambrosia {unknown}
 z - 3 potions of flight {unknown}
 A - 3 potions of agility {unknown}
 B - 3 potions of invisibility
 C - 3 potions of lignification {unknown}
 L - a potion of degeneration {unknown}
 T - a potion of magic {unknown}
 U - a potion of resistance {unknown}
Comestibles
 d - 27 rations
 V - 7 chunks of flesh


   Skills:
 - Level 5.0 Dodging
 - Level 3.1 Stealth
 - Level 15.4 Spellcasting
 - Level 12.4 Conjurations
 - Level 4.7 Summonings
 - Level 2.2 Translocations
 - Level 1.1 Transmutations
 * Level 11.1 Fire Magic
 - Level 5.3 Ice Magic
 - Level 5.1 Air Magic
 - Level 6.2 Poison Magic


You had 10 spell levels left.
You knew the following spells:

 Your Spells              Type           Power        Failure   Level  Hunger
a - Magic Dart            Conj           ####         0%          1    None
b - Call Imp              Summ           ######..     1%          2    None
c - Blink                 Tloc           N/A          1%          2    None
d - Mephitic Cloud        Conj/Pois/Air  #######.     1%          3    None
e - Conjure Flame         Conj/Fire      ########     1%          3    None
f - Throw Frost           Conj/Ice       ######       1%          2    None
g - Ignite Poison         Fire/Tmut/Pois #######.     1%          3    None
h - Poisonous Vapours     Pois/Air       ######       1%          2    None
i - Lightning Bolt        Conj/Air       #######...   1%          5    None
j - Olgreb's Toxic Radia  Pois           ######..     1%          4    None
k - Fireball              Conj/Fire      ########..   1%          5    None

Your spell library contained the following spells:

 Spells                   Type           Power        Failure   Level  Hunger
 Venom Bolt               Conj/Pois      #######...   1%          5    None
 Beastly Appendage        Tmut           #####.       1%          1    None
 Shock                    Conj/Air       ####         1%          1    None
 Corpse Rot               Necr           N/A          1%          2    None
 Ensorcelled Hibernation  Hex/Ice        #####.       1%          2    None
 Slow                     Hex            ####....     1%          2    None
 Sticks to Snakes         Tmut           #####...     1%          2    None
 Sublimation of Blood     Necr           ####......   1%          2    None
 Swiftness                Chrm/Air       ######..     1%          2    None
 Spider Form              Tmut/Pois      ######....   1%          3    None
 Static Discharge         Conj/Air       #######.     1%          3    None
 Airstrike                Air            #######...   1%          4    None
 Bolt of Draining         Conj/Necr      ######....   1%          5    None
 Freezing Cloud           Conj/Ice/Air   #######...   2%          6    None
 Ice Form                 Ice/Tmut       ######..     3%          4    None
 Silence                  Hex/Air        ######....   13%         5    None
 Blade Hands              Tmut           #####.....   24%         5    None
 Shadow Creatures         Summ           N/A          28%         6    None
 Agony                    Necr           ####....     36%         5    None
 Borgnjor's Vile Clutch   Necr/Erth      ####......   36%         5    None
 Dispel Undead            Necr           ####....     36%         5    None
 Excruciating Wounds      Chrm/Necr      ####......   36%         5    None
 Ring of Flames           Chrm/Fire      #######...   75%         7    ####...
 Darkness                 Hex            ####......   90%         6    None


Dungeon Overview and Level Annotations

Branches:
Dungeon (11/15)            Temple (1/1) D:7            Lair (5/6) D:10
 Shoals (0/4) Lair:4        Snake (0/4) Lair:4
  Slime: Lair:5-6       Orc: D:9-12

Altars:
Ashenzari
Cheibriados
Dithmenos
Elyvilon
Fedhas
Gozag
Hepliaklqana
Kikubaaqudgha
Makhleb
Nemelex Xobeh
Okawaru
Qazlal
Ru
Sif Muna
Trog
Uskayaw
Vehumet
Wu Jian
Xom
Yredelemnul
Zin
The Shining One

Annotations:
D:9 3 runed translucent doors, havocjr3's ghost, journeyman GnSk


Message History

The dream sheep closely misses you.
Casting: Olgreb's Toxic Radiance (safe; 1% risk of failure)
Confirm with . or Enter, or press ? or * to list all spells.
You feel a surge of power!
You ignite the poison in your surroundings!
The dream sheep seems to burn from within!
The dream sheep is heavily wounded.
The dream sheep seems to burn from within!
The dream sheep is heavily wounded.
The komodo dragon seems to burn from within!
The komodo dragon is severely wounded.
The wolf seems to burn from within!
You kill the wolf!
Vehumet accepts your kill.
The wolf howls!
The komodo dragon is poisoned.
The dream sheep is poisoned. x2
The wolf is poisoned.
The komodo dragon bites you!!
* * * LOW HITPOINT WARNING * * *
The dream sheep bites you!
You die...

..P ... #.. #..
### P. ##..##.
#
###...l.#$###..
....†..@.......
h......YY......
........)......
...............
.<.............
.......).......
..#.P#.##...##.
.###### ###.


You could see a komodo dragon, a wolf and 2 dream sheep.

Vanquished Creatures
  2 hydras
  4 two-headed ogres (D:10)
  Urug (D:10)
  Sonja (D:10)
  2 unseen horrors (D:10)
  A manticore (Lair:4)
  An oklob plant (Lair:4)
  A torpor snail (Lair:4)
  4 spiny frogs
  3 komodo dragons
  3 trolls
  A polar bear (Lair:4)
  16 blink frogs
  3 hornets (D:9)
  7 dream sheep
  5 hippogriffs
  Sigmund (D:4)
  22 yaks
  2 basilisks
  A hungry ghost (D:8)
  Menkaure (Ossuary)
  Edmund (D:4)
  A naga (Lair:4)
  A soldier ant (D:9)
  7 water moccasins
  6 porcupines
  5 orc warriors (D:8)
  3 black bears
  2 ice beasts
  2 phantoms
  4 sky beasts
  9 ogres
  16 wolves
  2 centaurs
  4 crocodiles
  4 big kobolds
  14 bullfrogs
  A gnoll sergeant (D:6)
  3 scorpions
  6 killer bees
  7 howler monkeys
  5 crimson imps
  3 hounds
  A bullfrog skeleton (D:7)
  2 orc priests
  4 jellies
  4 orc wizards
  A centaur skeleton (D:10)
  A gnoll shaman (D:8)
  3 iguanas
  11 worker ants
  10 hell rats (Lair:3)
  2 killer bee zombies
  4 hound skeletons
  3 mummies (Ossuary)
  2 worker ant zombies
  8 gnolls
  10 river rats (Lair:3)
  10 adders
  A shadow imp (D:10)
  5 oozes (D:7)
  An adder zombie (D:6)
  2 adder skeletons
  A worm (D:3)
  7 leopard geckos
  44 orcs
  8 bats
  3 giant cockroaches
  3 gnoll zombies (Ossuary)
  6 goblins
  5 hobgoblins
  15 jackals
  19 kobolds
  5 quokkas
  4 ball pythons
  2 frilled lizards
  3 goblin skeletons (Ossuary)
  4 goblin zombies (Ossuary)
  3 hobgoblin skeletons (Ossuary)
  2 hobgoblin zombies (Ossuary)
  A jackal skeleton (D:4)
  A kobold skeleton (Ossuary)
  6 kobold zombies (Ossuary)
  4 orc skeletons (Ossuary)
  2 orc zombies (Ossuary)
  2 quokka zombies
  21 rats
  A rat skeleton (Ossuary)
  3 rat zombies (Ossuary)
  A fungus (D:10)
449 creatures vanquished.

Vanquished Creatures (collateral kills)
  A slime creature (D:7)
  A sky beast (D:5)
  2 necrophages
  A phantom (D:10)
  2 ice beasts
  A scorpion (D:4)
  2 jellies
  A hound (D:4)
  An orc wizard (D:3)
  A gnoll (D:6)
  2 adders
  A leopard gecko (D:3)
  4 orcs
  2 jackals (D:3)
  A gnoll skeleton (Ossuary)
  A goblin skeleton (Ossuary)
  2 hobgoblin zombies (Ossuary)
  A kobold (D:3)
  2 kobold skeletons (Ossuary)
  2 orc skeletons (Ossuary)
  A rat skeleton (Ossuary)
32 creatures vanquished.

Vanquished Creatures (others)
  A killer bee (D:7)
  A gnoll skeleton (Ossuary)
  A gnoll zombie (Ossuary)
  2 goblin zombies (Ossuary)
  3 hobgoblin skeletons (Ossuary)
  2 rat skeletons (Ossuary)
  24 fungi
  3 plants
  3 toadstools (D:7)
40 creatures vanquished.

Grand Total: 521 creatures vanquished

Notes
Turn   | Place    | Note
-------+----------+-------------------------------------------
     0 | D:1      | Exodus22XD the Deep Elf Wizard began the quest for the Orb.
     0 | D:1      | Reached XP level 1. HP: 10/10 MP: 7/7
   174 | D:1      | Reached XP level 2. HP: 10/15 MP: 3/9
   664 | D:2      | Learned a level 2 spell: Call Imp
   695 | D:2      | Reached XP level 3. HP: 16/19 MP: 2/11
   898 | D:2      | Learned a level 2 spell: Blink
   902 | D:2      | Learned a level 3 spell: Mephitic Cloud
   997 | D:3      | Reached XP level 4. HP: 24/24 MP: 9/12
  1023 | D:3      | Found a glowing golden altar of the Shining One.
  1469 | D:3      | Learned a level 3 spell: Conjure Flame
  1833 | D:4      | Noticed a water moccasin
  1840 | D:4      | Killed a water moccasin
  1840 | D:4      | Reached XP level 5. HP: 15/28 MP: 5/13
  2181 | D:4      | Reached skill level 1 in Fire Magic
  2183 | D:4      | Noticed Edmund
  2231 | D:4      | Killed Edmund
  2231 | D:4      | Reached XP level 6. HP: 24/32 MP: 0/14
  2720 | D:4      | Noticed Sigmund
  2823 | D:4      | Killed Sigmund
  2823 | D:4      | Reached XP level 7. HP: 22/36 MP: 4/15
  3244 | D:4      | Reached skill level 5 in Spellcasting
  3413 | D:5      | Entered Level 5 of the Dungeon
  3417 | D:5      | Reached skill level 6 in Spellcasting
  3484 | D:5      | Reached XP level 8. HP: 41/41 MP: 9/19
  3623 | D:5      | Identified the +6 spear "Killer Klown's Foe" {drain,
                  | Fragile +Rage +Inv}
  3650 | D:5      | Reached skill level 7 in Spellcasting
  4530 | D:6      | Found a hazy altar of Hepliaklqana.
  4565 | D:6      | Reached skill level 8 in Spellcasting
  5217 | D:7      | Reached skill level 9 in Spellcasting
  5308 | D:7      | Found a staircase to the Ecumenical Temple.
  5314 | Temple   | Entered the Ecumenical Temple
  5383 | Temple   | Became a worshipper of Vehumet
  5424 | D:7      | Reached skill level 5 in Fire Magic
  5448 | D:7      | Reached skill level 5 in Conjurations
  5711 | D:7      | Reached XP level 9. HP: 29/45 MP: 2/24
  5759 | D:7      | Found a sand-covered staircase.
  5763 | Ossuary  | Entered an ossuary
  5834 | Ossuary  | Reached * piety under Vehumet
  5834 | Ossuary  | Offered knowledge of Freeze by Vehumet.
  6150 | Ossuary  | Reached ** piety under Vehumet
  6187 | Ossuary  | Offered knowledge of Throw Frost by Vehumet.
  6278 | Ossuary  | Noticed Menkaure
  6464 | Ossuary  | Killed Menkaure
  6579 | Ossuary  | Learned a level 2 spell: Throw Frost
  6658 | D:7      | Reached skill level 1 in Ice Magic
  7073 | D:7      | Offered knowledge of Inner Flame by Vehumet.
  7095 | D:7      | Reached skill level 5 in Ice Magic
  7286 | D:7      | Reached *** piety under Vehumet
  7904 | D:8      | Offered knowledge of Ignite Poison by Vehumet.
  7917 | D:8      | Learned a level 3 spell: Ignite Poison
  7929 | D:8      | Learned a level 2 spell: Poisonous Vapours
  8008 | D:8      | Reached XP level 10. HP: 50/50 MP: 12/25
  8178 | D:8      | Noticed a four-headed hydra
  8188 | D:8      | Killed a four-headed hydra
  8188 | D:8      | Reached skill level 5 in Poison Magic
  8655 | D:8      | Reached **** piety under Vehumet
  8757 | D:8      | Found a shadowy altar of Dithmenos.
  8834 | D:8      | Offered knowledge of Olgreb's Toxic Radiance by Vehumet.
  9316 | D:9      | Reached skill level 10 in Spellcasting
  9326 | D:9      | Reached skill level 1 in Air Magic
  9336 | D:9      | Learned a level 5 spell: Lightning Bolt
  9371 | D:9      | Paralysed by a hornet for 1 turns
  9541 | D:9      | Reached skill level 5 in Air Magic
  9557 | D:9      | Learned a level 4 spell: Olgreb's Toxic Radiance
  9684 | D:9      | Found a runed translucent gate.
  9685 | D:9      | Found a runed translucent gate.
  9686 | D:9      | Found a runed translucent gate.
  9686 | D:9      | Noticed havocjr3's ghost (journeyman GnSk)
  9687 | D:9      | Found an opulent altar of Gozag.
  9690 | D:9      | Noticed a two-headed ogre
  9867 | D:10     | Entered Level 10 of the Dungeon
  9868 | D:10     | Found a stormy altar of Qazlal.
  9902 | D:10     | Reached XP level 11. HP: 54/54 MP: 7/27
 10130 | D:10     | Noticed a two-headed ogre
 10136 | D:10     | Killed a two-headed ogre
 10149 | D:10     | Found a staircase to the Lair.
 10170 | D:10     | Killed an unseen horror
 10170 | D:10     | Reached skill level 11 in Spellcasting
 10382 | D:10     | Noticed Sonja
 10406 | D:10     | Killed Sonja
 10556 | D:10     | Noticed a two-headed ogre
 10611 | D:10     | Killed a two-headed ogre
 10611 | D:10     | Reached skill level 12 in Spellcasting
 10640 | D:10     | Reached ***** piety under Vehumet
 10704 | D:10     | Noticed a two-headed ogre
 10710 | D:10     | Killed a two-headed ogre
 10710 | D:10     | Reached skill level 10 in Conjurations
 10878 | D:10     | Offered knowledge of Fireball by Vehumet.
 11097 | D:10     | Killed an unseen horror
 11187 | D:10     | Noticed Urug
 11218 | D:10     | Killed Urug
 11375 | D:10     | Noticed a two-headed ogre
 11379 | D:10     | Killed a two-headed ogre
 11379 | D:10     | Reached skill level 10 in Fire Magic
 11476 | D:10     | Learned a level 5 spell: Fireball
 11562 | Lair:1   | Entered Level 1 of the Lair of Beasts
 11604 | Lair:1   | Reached XP level 12. HP: 59/59 MP: 14/30
 11756 | Lair:1   | Reached skill level 13 in Spellcasting
 12344 | Lair:1   | Got a pair of smoking gloves
 12355 | Lair:1   | Identified the +2 pair of gloves of the Last Suns {+Inv rN+
                  | Int+7 Dex-5} (You found it on level 1 of the Lair of
                  | Beasts)
 12637 | Lair:2   | Reached skill level 14 in Spellcasting
 13146 | Lair:2   | Got a smoking robe
 13157 | Lair:2   | Identified the +1 robe of the Saviour {rPois rCorr Slay-6
                  | SInv} (You found it on level 2 of the Lair of Beasts)
 13707 | Lair:3   | Offered knowledge of Venom Bolt by Vehumet.
 14198 | Lair:4   | Noticed a four-headed hydra
 14202 | Lair:4   | Killed a four-headed hydra
 14202 | Lair:4   | Reached skill level 5 in Dodging
 14202 | Lair:4   | Reached skill level 1 in Transmutations
 14263 | Lair:4   | Reached skill level 15 in Spellcasting
 14681 | Lair:4   | Found a staircase to the Snake Pit.
 14769 | Lair:4   | Found a staircase to the Shoals.
 14771 | Lair:4   | Reached XP level 13. HP: 63/63 MP: 25/34
 15082 | Lair:5   | Slain by a dream sheep

Skill      XL: |  1  2  3  4  5  6  7  8  9 10 11 12 13 |
---------------+----------------------------------------+-----
Conjurations   | 2 3 4 5 9 10 12 | 12.4
Summonings     | 4 |  4.7
Fire Magic     | 2 4 5 7 10 11 | 11.1
Poison Magic   | 3 4 6 |  6.2
Spellcasting   | 6 9 10 12 15 | 15.4
Dodging        | 4 5 |  5.0
Stealth        | 3 |  3.1
Ice Magic      | 5 |  5.3
Air Magic      | 5 |  5.1
Transmutations | 1 |  1.1
Translocations | 2 |  2.2

Action                   |  1- 3 |  4- 6 |  7- 9 | 10-12 | 13-15 || total
-------------------------+-------+-------+-------+-------+-------++-------
Melee: Unarmed           |     2 |       |       |       |       ||     2
       Dagger            |     1 |     4 |    38 |    18 |       ||    61
       Staff             |       |       |       |    82 |       ||    82
 Cast: Magic Dart        |    74 |   115 |   403 |   189 |       ||   781
       Call Imp          |       |    19 |    38 |     5 |       ||    62
       Mephitic Cloud    |       |     6 |    19 |     6 |       ||    31
       Blink             |       |     2 |       |     2 |       ||     4
       Conjure Flame     |       |     3 |    23 |    39 |       ||    65
       Throw Frost       |       |       |    32 |   243 |     5 ||   280
       Poisonous Vapours |       |       |       |    21 |       ||    21
       Lightning Bolt    |       |       |       |    38 |       ||    38
       Ignite Poison     |       |       |       |    18 |     1 ||    19
       Olgreb's Toxic Ra |       |       |       |    10 |     1 ||    11
       Fireball          |       |       |       |    20 |     9 ||    29
  Use: Potion            |       |     1 |       |     1 |       ||     2
       Scroll            |       |       |     5 |     9 |       ||    14
  Eat: Chunk             |       |     5 |     9 |    23 |     1 ||    38
       Ration            |       |       |     2 |       |       ||     2
Armor: Robe              |     4 |     6 |    37 |    72 |       ||   119
Dodge: Dodged            |    21 |    27 |    79 |   189 |     3 ||   319
